MLB
KANSAS CITY ROYALS @ CLEVELAND GUARDIANS
08/14/2049
 
TOP OF THE 1ST
Kansas City Royals batting - Pitching for Cleveland Guardians : RHP Risto Pandev
Pitching: RHP Risto Pandev
Batting: SHB Jose Pacheco 0-0: Ball
1-0: Ball
2-0: Ball
3-0: Base on Balls
Batting: RHB Matt Belgard 0-0: Ball
1-0: Swinging Strike
1-1: Called Strike
1-2: Strikes out swinging
Batting: LHB Mike Meyerhoff 0-0: Fly out, F9 (Flyball, 9LS, EV 86.2 MPH)
Batting: RHB Mike Jaquez 0-0: Ball
1-0: Called Strike
Jose Pacheco steals 2nd base
1-1: Called Strike
1-2: Foul Ball, location: 2F
1-2: Strikes out looking
Top of the 1st over - 0 runs, 0 hits, 0 errors, 1 left on base; Kansas City 0 - Cleveland 0
BOTTOM OF THE 1ST
Cleveland Guardians batting - Pitching for Kansas City Royals : LHP John Hall
Pitching: LHP John Hall
Batting: RHB Jasper Burd 0-0: Ball
1-0: Swinging Strike
1-1: Called Strike
1-2: Ball
2-2: Ball
3-2: Base on Balls
Batting: RHB Aaron Matthews 0-0: Called Strike
0-1: Hit by Pitch
Jasper Burd to second
Batting: RHB Nick Ogle 0-0: Foul Ball, location: 2F
0-1: Ball
1-1: Called Strike
1-2: Foul Ball, location: 2F
1-2: Strikes out swinging
Batting: LHB Danny Dunham 0-0: Ball
1-0: Ball
2-0: Foul Ball, location: 2F
2-1: Foul Ball, location: 2F
2-2: Strikes out swinging
Batting: RHB Nick Sharp 0-0: Fielders Choice at 2nd, 5-4 (Groundball, 56, EV 83.1 MPH)
Bottom of the 1st over - 0 runs, 0 hits, 0 errors, 2 left on base; Kansas City 0 - Cleveland 0
TOP OF THE 2ND
Kansas City Royals batting - Pitching for Cleveland Guardians : RHP Risto Pandev
Batting: LHB Roman Downey 0-0: Called Strike
0-1: Ball
1-1: Foul Ball, location: 2F
1-2: Foul Ball, location: 2F
1-2: Ball
2-2: SINGLE (Groundball, 34D, EV 99.4 MPH)
Batting: SHB Gil Switzer 0-0: Ball
1-0: Foul Ball, location: 2F
1-1: Ball
2-1: Fielders Choice at 2nd, 1-4 (Groundball, 25, EV 68.1 MPH)
Batting: RHB Adam Martin 0-0: Called Strike
0-1: Ball
1-1: Fly out, F6 (Flyball, 6D, EV 85.6 MPH)
Batting: LHB Manny Estrada 0-0: Ball
1-0: Fly out, F8 (Flyball, 78XD, EV 101.2 MPH)
Top of the 2nd over - 0 runs, 1 hit, 0 errors, 1 left on base; Kansas City 0 - Cleveland 0
BOTTOM OF THE 2ND
Cleveland Guardians batting - Pitching for Kansas City Royals : LHP John Hall
Batting: LHB Alejandro Soriano 0-0: Ball
1-0: Foul Ball, location: 2F
1-1: DOUBLE (Line Drive, 7LD, EV 106.2 MPH)
Batting: RHB Christian Blue 0-0: Foul Ball, location: 2F
0-1: Ball
1-1: Swinging Strike
1-2: Ball
2-2: Ball
3-2: Strikes out looking
Batting: RHB Henri Cederberg 0-0: Swinging Strike
0-1: Foul Ball, location: 2F
0-2: Ball
1-2: Ball
2-2: Ball
3-2: Fly out, F8 (Flyball, 89M, EV 77.5 MPH)
Batting: LHB Corey Trevor 0-0: Ball
1-0: SINGLE (Groundball, 25, EV 65.0 MPH) (infield hit)
Alejandro Soriano to third
Batting: RHB Jasper Burd 0-0: Ball
1-0: Ball
2-0: Called Strike
2-1: Ball
3-1: Called Strike
3-2: DOUBLE (Groundball, 5L, EV 107.5 MPH)
Alejandro Soriano scores
Corey Trevor to third
Corey Trevor scores
Batting: RHB Aaron Matthews 0-0: Ball
1-0: DOUBLE (Groundball, 5L, EV 105.6 MPH)
Jasper Burd scores
Batting: RHB Nick Ogle 0-0: Called Strike
0-1: Ground out 6-3 (Groundball, 6, EV 86.2 MPH)
Bottom of the 2nd over - 3 runs, 4 hits, 0 errors, 1 left on base; Kansas City 0 - Cleveland 3
TOP OF THE 3RD
Kansas City Royals batting - Pitching for Cleveland Guardians : RHP Risto Pandev
Batting: LHB Pete Hansel 0-0: Ball
1-0: Fly out, F7 (Flyball, 78S, EV 95.6 MPH)
Batting: SHB Jose Pacheco 0-0: Swinging Strike
0-1: Ball
1-1: Ball
2-1: SOLO HOME RUN (Flyball, 9D, EV 95.6 MPH), Distance : 364 ft
Batting: RHB Matt Belgard 0-0: Called Strike
0-1: Ball
1-1: Foul Ball, location: 2F
1-2: Ball
2-2: Strikes out swinging
Batting: LHB Mike Meyerhoff 0-0: Foul Ball, location: 2F
0-1: SOLO HOME RUN (Flyball, 78XD, EV 103.1 MPH), Distance : 397 ft
Batting: RHB Mike Jaquez 0-0: Ball
1-0: Ball
2-0: Called Strike
2-1: Swinging Strike
2-2: Strikes out swinging
Top of the 3rd over - 2 runs, 2 hits, 0 errors, 0 left on base; Kansas City 2 - Cleveland 3
BOTTOM OF THE 3RD
Cleveland Guardians batting - Pitching for Kansas City Royals : LHP John Hall
Batting: LHB Danny Dunham 0-0: Ball
1-0: SINGLE (Line Drive, 4M, EV 110.0 MPH)
Batting: RHB Nick Sharp 0-0: Called Strike
0-1: Ball
1-1: Swinging Strike
1-2: Ball
2-2: Strikes out swinging
Batting: LHB Alejandro Soriano 0-0: Called Strike
0-1: Swinging Strike
0-2: Foul Ball, location: 2F
0-2: Grounds into double play, 4-6-3 (Groundball, 4, EV 100.6 MPH)
Bottom of the 3rd over - 0 runs, 1 hit, 0 errors, 0 left on base; Kansas City 2 - Cleveland 3
TOP OF THE 4TH
Kansas City Royals batting - Pitching for Cleveland Guardians : RHP Risto Pandev
Batting: LHB Roman Downey 0-0: Called Strike
0-1: Called Strike
0-2: Foul Ball, location: 2F
0-2: Foul Ball, location: 2F
0-2: Ball
1-2: Ball
2-2: Ground out 4-3 (Groundball, 34D, EV 105.0 MPH)
Batting: SHB Gil Switzer 0-0: Ball
1-0: Ball
2-0: Called Strike
2-1: Ball
3-1: Base on Balls
Batting: RHB Adam Martin 0-0: Ball
1-0: Ball
2-0: Foul Ball, location: 2F
2-1: Called Strike
2-2: Ball
3-2: Strikes out looking
Batting: LHB Manny Estrada 0-0: Ball
1-0: Called Strike
1-1: Called Strike
1-2: Ball
2-2: Strikes out swinging
Top of the 4th over - 0 runs, 0 hits, 0 errors, 1 left on base; Kansas City 2 - Cleveland 3
BOTTOM OF THE 4TH
Cleveland Guardians batting - Pitching for Kansas City Royals : LHP John Hall
Batting: RHB Christian Blue 0-0: Ball
1-0: Fly out, F7 (Flyball, 78S, EV 72.5 MPH)
Batting: RHB Henri Cederberg 0-0: Called Strike
0-1: Ball
1-1: Foul Ball, location: 2F
1-2: Strikes out swinging
Batting: LHB Corey Trevor 0-0: Called Strike
0-1: Called Strike
0-2: Ball
1-2: Ball
2-2: Ground out U3 (Groundball, 3, EV 82.5 MPH)
Bottom of the 4th over - 0 runs, 0 hits, 0 errors, 0 left on base; Kansas City 2 - Cleveland 3
TOP OF THE 5TH
Kansas City Royals batting - Pitching for Cleveland Guardians : RHP Risto Pandev
Batting: LHB Pete Hansel 0-0: Called Strike
0-1: Ground out 4-3 (Groundball, 4, EV 76.9 MPH)
Batting: SHB Jose Pacheco 0-0: Ball
1-0: Called Strike
1-1: Ball
2-1: Fly out, F6 (Popup, 6MD, EV 58.8 MPH)
Batting: RHB Matt Belgard 0-0: Ball
1-0: Ground out U3 (Groundball, 13, EV 83.1 MPH)
Top of the 5th over - 0 runs, 0 hits, 0 errors, 0 left on base; Kansas City 2 - Cleveland 3
BOTTOM OF THE 5TH
Cleveland Guardians batting - Pitching for Kansas City Royals : LHP John Hall
Batting: RHB Jasper Burd 0-0: SINGLE (Groundball, 6D, EV 108.8 MPH)
Batting: RHB Aaron Matthews 0-0: Ball
1-0: Grounds into double play, 6-4-3 (Groundball, 6, EV 87.5 MPH)
Batting: RHB Nick Ogle 0-0: Ground out 5-3 (Groundball, 5, EV 88.1 MPH)
Bottom of the 5th over - 0 runs, 1 hit, 0 errors, 0 left on base; Kansas City 2 - Cleveland 3
TOP OF THE 6TH
Kansas City Royals batting - Pitching for Cleveland Guardians : RHP Risto Pandev
Batting: LHB Mike Meyerhoff 0-0: Called Strike
0-1: Foul Ball, location: 2F
0-2: TRIPLE (Flyball, 89XD, EV 111.9 MPH)
Batting: RHB Mike Jaquez 0-0: Swinging Strike
0-1: Ground out 6-3 (Groundball, 6, EV 106.2 MPH)
Batting: LHB Roman Downey 0-0: Called Strike
0-1: DOUBLE (Line Drive, 7LS, EV 113.1 MPH)
Mike Meyerhoff scores
Batting: SHB Gil Switzer 0-0: Called Strike
0-1: Ball
1-1: Swinging Strike
1-2: Ground out 4-3 (Groundball, 34, EV 86.9 MPH)
Roman Downey to third
Batting: RHB Adam Martin 0-0: Ball
1-0: SINGLE (Flyball, 3D, EV 93.1 MPH)
Roman Downey scores
Batting: LHB Manny Estrada 0-0: Called Strike
0-1: 2-RUN HOME RUN (Flyball, 78XD, EV 99.4 MPH), Distance : 391 ft
Pitching: RHP Mike Chisolm
Batting: LHB Pete Hansel 0-0: Reached on error, E8 (Flyball, 89XD, EV 110.0 MPH)
Batting: SHB Jose Pacheco 0-0: Ground out 4-3 (Groundball, 4, EV 107.5 MPH)
Top of the 6th over - 4 runs, 4 hits, 1 error, 1 left on base; Kansas City 6 - Cleveland 3
BOTTOM OF THE 6TH
Cleveland Guardians batting - Pitching for Kansas City Royals : LHP John Hall
Batting: LHB Danny Dunham 0-0: Called Strike
0-1: Ball
1-1: Ground out 6-3 (Groundball, 6, EV 106.2 MPH)
Batting: RHB Nick Sharp 0-0: SINGLE (Groundball, 3D, EV 95.0 MPH)
Batting: LHB Alejandro Soriano 0-0: Called Strike
0-1: Foul Ball, location: 2F
0-2: Fielders Choice at 2nd, 4-6 (Groundball, 34S, EV 78.8 MPH)
Batting: RHB Christian Blue 0-0: Called Strike
0-1: Called Strike
0-2: Ball
Alejandro Soriano is caught stealing 2nd base 2-4
Bottom of the 6th over - 0 runs, 1 hit, 0 errors, 0 left on base; Kansas City 6 - Cleveland 3
TOP OF THE 7TH
Kansas City Royals batting - Pitching for Cleveland Guardians : RHP Mike Chisolm
Batting: RHB Matt Belgard 0-0: Ball
1-0: Called Strike
1-1: Ball
2-1: Foul Ball, location: 2F
2-2: Ground out U3 (Groundball, 3, EV 99.4 MPH)
Batting: LHB Mike Meyerhoff 0-0: Swinging Strike
0-1: Fly out, F8 (Flyball, 89M, EV 86.2 MPH)
Batting: RHB Mike Jaquez 0-0: Swinging Strike
0-1: Ball
1-1: Fly out, F8 (Flyball, 8LD, EV 83.8 MPH)
Top of the 7th over - 0 runs, 0 hits, 0 errors, 0 left on base; Kansas City 6 - Cleveland 3
BOTTOM OF THE 7TH
Cleveland Guardians batting - Pitching for Kansas City Royals : LHP John Hall
Batting: RHB Christian Blue 0-0: Called Strike
0-1: Called Strike
0-2: Ball
1-2: Foul Ball, location: 2F
1-2: Ball
2-2: Strikes out swinging
Batting: RHB Henri Cederberg 0-0: Ball
1-0: SINGLE (Line Drive, 8RS, EV 108.1 MPH)
Batting: LHB Corey Trevor 0-0: Called Strike
0-1: Ball
1-1: Swinging Strike
1-2: Ball
2-2: Foul Ball, location: 2F
2-2: Ball
3-2: Ground out 4-3 (Groundball, 4, EV 91.9 MPH)
Henri Cederberg to second
Batting: RHB Jasper Burd 0-0: Called Strike
0-1: Ball
1-1: Called Strike
1-2: Fly out, F4 (Popup, 34S, EV 73.1 MPH)
Bottom of the 7th over - 0 runs, 1 hit, 0 errors, 1 left on base; Kansas City 6 - Cleveland 3
TOP OF THE 8TH
Kansas City Royals batting - Pitching for Cleveland Guardians : RHP Mike Chisolm
Batting: LHB Roman Downey 0-0: Swinging Strike
0-1: Foul Ball, location: 2F
0-2: Foul Ball, location: 2F
0-2: Ball
1-2: Ground out 3-1 (Groundball, 3S, EV 70.6 MPH)
Batting: SHB Gil Switzer 0-0: Called Strike
0-1: Ball
1-1: Called Strike
1-2: Ball
2-2: Strikes out swinging
Batting: RHB Adam Martin 0-0: Ball
1-0: Ball
2-0: Called Strike
2-1: Foul Ball, location: 2F
2-2: Strikes out looking
Top of the 8th over - 0 runs, 0 hits, 0 errors, 0 left on base; Kansas City 6 - Cleveland 3
BOTTOM OF THE 8TH
Cleveland Guardians batting - Pitching for Kansas City Royals : LHP John Hall
Pitching: RHP Joe Jordahl
Now at 2B: Matt Belgard
Now at 3B: Mikolas Markus
Batting: RHB Aaron Matthews 0-0: Fly out, F8 (Line Drive, 8RD, EV 87.5 MPH)
Batting: RHB Nick Ogle 0-0: Ball
1-0: Ball
2-0: Ball
3-0: Called Strike
3-1: Base on Balls
Batting: LHB Danny Dunham 0-0: Called Strike
0-1: Grounds into double play, 6-4-3 (Groundball, 6M, EV 107.5 MPH)
Bottom of the 8th over - 0 runs, 0 hits, 0 errors, 0 left on base; Kansas City 6 - Cleveland 3
TOP OF THE 9TH
Kansas City Royals batting - Pitching for Cleveland Guardians : RHP Mike Chisolm
Batting: LHB Manny Estrada 0-0: Ball
1-0: Foul Ball, location: 2F
1-1: Ball
2-1: Foul Ball, location: 2F
2-2: Fly out, F7 (Flyball, 7LM, EV 96.9 MPH)
Batting: LHB Pete Hansel 0-0: Foul Ball, location: 2F
0-1: Ball
1-1: Called Strike
1-2: Ground out U3 (Groundball, 3, EV 82.5 MPH)
Batting: SHB Jose Pacheco 0-0: Foul Ball, location: 2F
0-1: DOUBLE (Line Drive, 7LD, EV 106.2 MPH)
Batting: RHB Matt Belgard 0-0: Called Strike
0-1: Ball
1-1: Foul Ball, location: 2F
1-2: Strikes out swinging
Top of the 9th over - 0 runs, 1 hit, 0 errors, 1 left on base; Kansas City 6 - Cleveland 3
BOTTOM OF THE 9TH
Cleveland Guardians batting - Pitching for Kansas City Royals : RHP Joe Jordahl
Pitching: RHP Joe Noonan
Batting: RHB Nick Sharp 0-0: Called Strike
0-1: Ball
1-1: SINGLE (Flyball, 78S, EV 84.4 MPH)
Batting: LHB Alejandro Soriano 0-0: Called Strike
0-1: Ball
Wild Pitch!
Nick Sharp to second
1-1: Ball
2-1: Foul Ball, location: 2F
2-2: Foul Ball, location: 2F
2-2: Ball
3-2: Ground out 4-3 (Groundball, 4, EV 85.6 MPH)
Nick Sharp to third
Batting: RHB Christian Blue 0-0: Called Strike
0-1: Ball
1-1: SINGLE (Line Drive, 89S, EV 108.1 MPH)
Nick Sharp scores
Pinch Hitting: LHB Hector Pedroso 0-0: Ball
1-0: Called Strike
1-1: Ball
2-1: Swinging Strike
2-2: Strikes out swinging
Batting: LHB Corey Trevor 0-0: Foul Ball, location: 2F
0-1: Swinging Strike
0-2: Ball
1-2: Ball
2-2: Strikes out looking
Bottom of the 9th over - 1 run, 2 hits, 0 errors, 1 left on base; Kansas City 6 - Cleveland 4
Sunday, July 16th , 2023 - OOTP Baseball 24.6 Build 69